 Dungeon Crawl Stone Soup version 0.24-a0-380-g7ade4d1b3c (webtiles) character file.

Game seed: 15388757696368797199

42 Fanghorn the Grave Robber (level 3, -2/24 HPs)
             Began as a Mummy Necromancer on June 1, 2019.
             Slain by a leopard gecko (4 damage)
             ... on level 2 of the Dungeon on June 3, 2019.
             The game lasted 00:10:24 (2441 turns).

Fanghorn the Grave Robber (Mummy Necromancer)       Turns: 2441, Time: 00:10:24

Health: -2/24      AC:  3    Str: 11    XL:     3   Next: 33%
Magic:  6/8        EV: 12    Int: 15    God:
Gold:   56         SH:  0    Dex: 12    Spells: 8/9 levels left

rFire    x . .     SeeInvis .   i - +3 whip (flame)
rCold    + . .     Gourm    .   (no shield)
rNeg     + + +     Faith    .   a - +0 robe
rPois    ∞         Spirit   .   c - +0 helmet
rElec    .         Reflect  .   (no cloak)
rCorr    .         Harm     .   (no gloves)
MR       .....                  (no boots)
Stlth    ++........             (no amulet)
HPRegen  0.08/turn              (no ring)
MPRegen  0.11/turn              (no ring)

@: no status effects
A: no food or potions, fire vulnerability, cold resistance 1, negative energy
resistance 3, torment resistance, unbreathing
a: no special abilities


You were on level 2 of the Dungeon.
You were not hungry.

You visited 1 branch of the dungeon, and saw 2 of its levels.

You collected 56 gold pieces.

Inventory:

Hand Weapons
 b - a +0 hand axe
 d - a +0 whip
 i - a +3 whip of flaming (weapon)
Armour
 a - a +0 robe (worn)
 c - a +0 helmet (worn)
 g - a +2 ring mail of magic resistance
Scrolls
 e - a scroll of amnesia {unknown}
 f - a scroll of teleportation
 h - 2 scrolls of enchant weapon {unknown}
 k - a scroll of remove curse {unknown}


   Skills:
 + Level 1.5 Dodging
 + Level 1.6 Stealth
 * Level 3.9 Spellcasting
 * Level 4.5 Necromancy


You had 8 spell levels left.
You knew the following spells:

 Your Spells              Type           Power        Failure   Level  Hunger
a - Pain                  Necr           ###.         2%          1    N/A

Your spell library contained the following spells:

 Spells                   Type           Power        Failure   Level  Hunger
 Animate Skeleton         Necr           N/A          2%          1    N/A
 Vampiric Draining        Necr           ###.......   9%          3    N/A
 Animate Dead             Necr           N/A          28%         4    N/A
 Regeneration             Chrm/Necr      Unusable     N/A         3    N/A

Dungeon Overview and Level Annotations

Branches:
Dungeon (2/15)

Altars:
Trog

Annotations:
D:2 Jessica


Innate Abilities, Weirdness & Mutations

You do not eat or drink.
Your flesh is vulnerable to fire.
You are immune to poison.
Your flesh is cold resistant. (rC+)
You are immune to negative energy. (rN+++)
You are immune to unholy pain and torment.
You can survive without breathing.


Message History

Aiming: Pain (safe; 2% risk of failure)
Press: ? - help, Shift-Dir - straight line, f/p - gnoll
Aim: a gnoll, wielding a +0 spear (moderately wounded, chance to defeat MR: 81%)
The gnoll writhes in agony.
The hobgoblin closely misses you.
The gnoll hits you from afar with a +0 spear! x2
* * * LOW HITPOINT WARNING * * *
The hobgoblin barely misses you.
The leopard gecko bites you but does no damage.
The leopard gecko closely misses you.
You see here a red potion.
The leopard gecko closely misses you.
You see here a worm corpse.
The leopard gecko barely misses you. The leopard gecko closely misses you.
The leopard gecko misses you. The leopard gecko bites you.
* * * LOW HITPOINT WARNING * * *
The leopard gecko barely misses you. The leopard gecko bites you.
You die...

#...........# #.# #
##.........## #.# #
##.......#############.#
#
####.####.............#
# ##.##.!.###.##.######
# #..#..#..##.##.# #
#....###.##.##.########
#..g..#.....##.........
#.###l@.######.#######.
#.# ##.## #.# #g# #.#
#.# #.# #.# #.# #g# ..#
#.# #.# .## #.# #g# #.
#.# # ########.# #. #.#
# #.g.g...## ###


You could see a leopard gecko and a hobgoblin.

Vanquished Creatures
  A gnoll (D:2)
  3 worms (D:2)
  3 bats
  A giant cockroach (D:2)
  3 hobgoblins
  3 jackals (D:1)
  2 kobolds (D:1)
  4 frilled lizards
  6 rats
26 creatures vanquished.

Notes
Turn   | Place    | Note
-------+----------+-------------------------------------------
     0 | D:1      | Fanghorn the Mummy Necromancer began the quest for the Orb.
     0 | D:1      | Reached XP level 1. HP: 13/13 MP: 4/4
   431 | D:1      | Reached XP level 2. HP: 16/19 MP: 3/5
  1205 | D:2      | Noticed Jessica
  1483 | D:2      | Noticed a moth of wrath
  1486 | D:2      | Found a bloodstained altar of Trog.
  1522 | D:2      | Upgraded the game from 0.24-a0-378-g94936e539c to
                  | 0.24-a0-380-g7ade4d1b3c
  2092 | D:2      | Reached XP level 3. HP: 24/24 MP: 4/8
  2431 | D:2      | HP: 1/24 [leopard gecko (4)]
  2441 | D:2      | Slain by a leopard gecko

Levels and vault maps discovered:
D:1:      wander_arrival_estate, layout_basic
D:2:      layout_loops_ring, gammafunk_temple_overflow_statue, tgw_trog,
          chequers_ecumenical_altar_twisty, minmay_hedge_maze, corner_web_ring,
          uniq_terence, uniq_crazy_yiuf_cottage, uniq_jessica

Skill      XL: |  1  2 |
---------------+-------+-----
Spellcasting   | 3 |  3.9
Dodging        | |  1.5
Stealth        | |  1.6
Necromancy     | |  4.5

Action                   || total
-------------------------++-------
Melee: Hand axe          ||    11
       Whip              ||    16
 Cast: Pain              ||    52
  Use: Scroll            ||     4
 Stab: Sleeping          ||     4
Armor: Robe              ||    13
Dodge: Dodged            ||    44

Table legend:
 A = Non-vault XP
 B = Vault XP
 C = Vault XP percentage of total XP
 D = Non-vault monster count
 E = Vault monster count
 F = Vault count percentage of total count
                 A         B        C        D         E       F
            +---------+---------+-------+---------+---------+-------
      Total |      48 |      12 |  20.0 |      21 |       5 |  19.2
            +---------+---------+-------+---------+---------+-------
        D:1 |      19 |       0 |   0.0 |      12 |       0 |   0.0
        D:2 |      29 |      12 |  29.3 |       9 |       5 |  35.7
            +---------+---------+-------+---------+---------+-------
